 Dungeon Crawl Stone Soup version 0.27-a0-506-g2188dfaaa0 (webtiles) character file.

Game seed: 8705364809093525573

730 Gaff the Covert (level 7, -13/46 HPs)
             Began as an Octopode Brigand on Mar 3, 2021.
             Was an Initiate of Ru.
             Shot with an arrow by a centaur (14 damage)
             ... on level 6 of the Dungeon.
             The game lasted 00:11:59 (5248 turns).

Gaff the Covert (Octopode Brigand)                  Turns: 5248, Time: 00:12:00

Health: -13/46     AC:  1    Str: 11    XL:     7   Next: 73%
Magic:  7/7        EV: 14    Int: 13    God:    Ru [......]
Gold:   292        SH:  4    Dex: 21    Spells: 6/6 levels left

rFire    + + .     SeeInvis .   a - +3 dagger
rCold    x x .     Faith    .   F - +0 buckler
rNeg     . . .     Spirit   .   (helmet restricted)
rPois    .         Reflect  .   (no amulet)
rElec    .         Harm     .   k - +6 ring of dexterity
rCorr    .         Rampage  .   z - ring of fire
Will     .....                  E - ring of wizardry
Stlth    ++++++....             H - ring of fire
HPRegen  0.15/turn              (no ring)
MPRegen  0.10/turn              (no ring)
                                (no ring)
                                (no ring)

@: no status effects
A: almost no armour, stealthy swim, amphibious, 8 rings, constrict 8, camouflage
1, gelatinous body 1
a: Renounce Religion


You were on level 6 of the Dungeon.
You worshipped Ru.
Ru was noncommittal.
You visited 2 branches of the dungeon, and saw 7 of its levels.

You collected 292 gold pieces.

Inventory:

Hand Weapons
 a - a +3 dagger (weapon)
 b - a +2 short sword of draining
 s - a +0 short sword
 B - a +2 dagger
 C - a +0 rapier
 D - a +0 dagger of freezing
Missiles
 c - a curare-tipped dart
 e - 7 boomerangs
 i - 2 atropa-tipped darts
 A - 17 poisoned darts (quivered)
Armour
 F - a +0 buckler (worn)
Jewellery
 k - a +6 ring of dexterity (left tentacle)
 z - a ring of fire (right tentacle)
 E - a ring of wizardry (on tentacle)
 H - a ring of fire (on tentacle)
Wands
 y - a wand of iceblast (4)
Scrolls
 g - a scroll of noise
 l - a scroll of magic mapping {unknown}
 p - 3 scrolls of immolation
 q - 3 scrolls of enchant armour {unknown}
 t - 3 scrolls of teleportation {unknown}
 u - 2 scrolls of fear {unknown}
 v - a scroll of amnesia
 I - a scroll of brand weapon
Potions
 d - 4 potions of degeneration
 f - a potion of cancellation
 h - 2 potions of magic {unknown}
 j - 2 potions of ambrosia {unknown}
 n - a potion of mutation {unknown}
 o - 2 potions of heal wounds {unknown}
 r - a potion of lignification
 w - 2 potions of attraction
 x - a potion of haste
 G - 2 potions of curing


   Skills:
 + Level 3.3 Fighting
 + Level 4.8 Short Blades
 - Level 2.0 Throwing
 + Level 2.7 Dodging
 + Level 9.7 Stealth


You had 6 spell levels left.
You didn't know any spells.
Your spell library contained the following spells:

 Spells                   Type           Power        Failure   Level
 Beastly Appendage        Tmut           0%           21%         1
 Magic Dart               Conj           0%           21%         1
 Blink                    Tloc           N/A          30%         2
 Call Imp                 Summ           0%           30%         2
 Slow                     Hex            0%           30%         2
 Wereblood                Tmut           0%           30%         2
 Conjure Flame            Conj/Fire      0%           50%         3
 Mephitic Cloud           Conj/Pois/Air  0%           50%         3
 Spider Form              Tmut/Pois      0%           50%         3
 Ice Form                 Ice/Tmut       0%           87%         4
 Blade Hands              Tmut           0%           99%         5


Dungeon Overview and Level Annotations

Branches:
Dungeon (6/15)             Temple (1/1) D:4

Altars:
Cheibriados
Elyvilon
Fedhas
Gozag
Kikubaaqudgha
Nemelex Xobeh
Ru
Sif Muna
Vehumet
Wu Jian
Xom
The Shining One
Lugonu

Annotations:
D:5 1 runed translucent door, 3 exclusions, Crazy Yiuf, Pikel
D:6 Dowan, Duvessa


Innate Abilities, Weirdness & Mutations

You cannot wear most types of armour.
You are very stealthy in the water. (Stealth+)
You are amphibious.
You can wear up to eight rings at the same time.
You can use your tentacles to constrict eight enemies at once.
Your skin changes colour to match your surroundings (Stealth+).
Your rubbery body absorbs attacks. (AC +1, EV +1)


Message History

The helpless jackal fails to defend itself.
You stick the jackal like a pincushion!!!
You kill the jackal!
The helpless adder fails to defend itself.
You perforate the adder like a sieve!!!
You kill the adder!
You see here a jackal corpse.
The helpless jackal fails to defend itself.
You stick the jackal like a pincushion!!!
You kill the jackal!
The jackal barks!
You hear a shout!
You barely miss the jackal. Your grab misses the jackal.
Your squeeze misses the jackal.
A centaur comes into view.
A jelly comes into view.
The jackal closely misses you.
You closely miss the jackal. You grab the jackal. You constrict the jackal.
The jackal barely misses you.
The centaur wields a +0 shortbow.
The centaur shoots an arrow.
The arrow hits you!
You hit the jackal.
You kill the jackal!
The centaur shoots an arrow.
The arrow hits you!
You see here a jackal corpse.
The centaur shoots an arrow.
The arrow closely misses you.
The centaur shoots an arrow.
The arrow closely misses you.
The centaur shoots an arrow.
The arrow hits you!
* * * LOW HITPOINT WARNING * * *
As you read the scroll labelled XUARYUBUHEM, it crumbles to dust.
You hear a loud clanging noise!
It was a scroll of noise.
You hear a shout! x2
Something shouts, "Quail, thou mammering fob-snatching nightsoil!"
You hear a bark!
The centaur shoots an arrow.
You block the arrow. The jelly hits you.
* * * LOW HITPOINT WARNING * * *
You are splashed with acid!
* * * LOW HITPOINT WARNING * * *
The centaur shoots an arrow.
The arrow misses you.
It was a potion of cancellation.
You feel magically purged.
The centaur shoots an arrow.
The arrow hits you!
You die...

#..........#.....<...)
#.......##.#....>..... .
###......##.........<.. ..
#............#.........
..###.##.......#..#......#.
#...........####...#######
#...........######.#######
..#.........................
......†.†..@..######.#######
.##........J..# #...###
................# ###...#
................# ###.##
....c...........# #..#
................# ##.##
................# #..#
........#.......# ##.. ##.


You could see a centaur and a jelly.

Vanquished Creatures
  Prince Ribbit (D:5)
  An ogre (D:5)
  Blork the orc (D:5)
  A howler monkey (D:4)
  A hound (D:4)
  2 orc priests (D:4)
  2 orc wizards (D:4)
  A worker ant (D:5)
  10 adders
  An ufetubus (D:5)
  An ooze (D:3)
  An adder zombie (D:5)
  3 worms
  A dart slug (D:1)
  4 leopard geckos
  3 orcs (D:4)
  A ball python (D:4)
  3 bats
  3 giant cockroaches
  7 hobgoblins
  11 jackals
  5 quokkas
  8 frilled lizards
  6 goblins
  A jackal skeleton (D:5)
  A kobold (D:2)
  8 rats
88 creatures vanquished.

Vanquished Creatures (others)
  A plant (D:5)
1 creature vanquished.

Grand Total: 89 creatures vanquished

Notes
Turn   | Place    | Note
-------+----------+-------------------------------------------
     0 | D:1      | Gaff the Octopode Brigand began the quest for the Orb.
     0 | D:1      | Reached XP level 1. HP: 14/14 MP: 1/1
   220 | D:1      | Reached XP level 2. HP: 15/19 MP: 2/2
   445 | D:1      | Reached skill level 6 in Stealth
   886 | D:2      | Reached XP level 3. HP: 24/24 MP: 3/3
  1232 | D:2      | Reached skill level 7 in Stealth
  1402 | D:3      | Reached XP level 4. HP: 26/29 MP: 4/4
  1966 | D:3      | Found a glowing golden altar of the Shining One.
  2305 | D:4      | Reached XP level 5. HP: 35/35 MP: 5/5
  2668 | D:4      | Found a staircase to the Ecumenical Temple.
  2674 | Temple   | Entered the Ecumenical Temple
  2957 | D:4      | Reached skill level 8 in Stealth
  2967 | D:4      | Found an opulent altar of Gozag.
  3610 | D:4      | Reached XP level 6. HP: 41/41 MP: 6/6
  3617 | D:4      | Found a shimmering blue altar of Sif Muna.
  3984 | D:5      | Entered Level 5 of the Dungeon
  4012 | D:5      | Noticed Blork the orc
  4018 | D:5      | Killed Blork the orc
  4294 | D:5      | Noticed Pikel
  4308 | D:5      | Found a runed translucent door.
  4309 | D:5      | Noticed Crazy Yiuf
  4587 | D:5      | Found a sacrificial altar of Ru.
  4600 | D:5      | Became a worshipper of Ru the Awakened
  4683 | D:5      | Reached XP level 7. HP: 46/46 MP: 7/7
  4703 | D:5      | Noticed Prince Ribbit
  4705 | D:5      | Reached skill level 9 in Stealth
  4711 | D:5      | Killed Prince Ribbit
  4809 | D:5      | Found a sparkling altar of Nemelex Xobeh.
  5112 | D:6      | Noticed Dowan
  5224 | D:6      | Noticed Duvessa
  5247 | D:6      | HP: 1/46 [acid (7)]
  5248 | D:6      | Shot with an arrow by a centaur

Illustrated notes

Levels and vault maps discovered:
D:1:      mrwooster_arrival_statue_2, layout_loops_cross, due_unseen_surprise
D:2:      layout_loops_ring, minmay_misc_feat_diagonals
D:3:      layout_basic, nicolae_tso_swordbearing_angel
D:4:      layout_loops_corners, grunt_gozag_statues,
          minmay_temple_entry_enclosed_plants, st_stairs_10, amethyst_killhole,
          tgw_sif
D:5:      layout_loops_ring, kennysheep_little_box, minmay_misc_feat_roman,
          st_stairs_14, nicolae_ru_the_path_less_chosen,
          uniq_crazy_yiuf_cottage, uniq_blork_the_orc, uniq_prince_ribbit1,
          uniq_pikel
D:6:      layout_rooms, cheibrodos_ashenzari_chains, uniq_duvessa
Temple:   corrupted_temple

Skill      XL: |  1  2  3  4  5  6  7 |
---------------+----------------------+-----
Stealth        | 6 7 8 9 |  9.7
Short Blades   | 3 4 |  4.8
Fighting       | 3 |  3.3
Dodging        | 2 |  2.7
Throwing       | |  2.0

Action                   |  1- 3 |  4- 6 |  7- 9 || total
-------------------------+-------+-------+-------++-------
Melee: Dagger            |    53 |    99 |    17 ||   169
       Constrict         |    15 |    25 |     3 ||    43
       Tentacles         |     7 |    31 |     3 ||    41
       Short sword       |       |     2 |       ||     2
Throw: Dart              |       |    10 |       ||    10
  Use: Scroll            |       |     1 |     8 ||     9
       Potion            |       |       |     1 ||     1
 Stab: Sleeping          |    11 |    15 |     5 ||    31
       Distracted        |     1 |       |     1 ||     2
Armor: Skin              |     4 |     4 |     2 ||    10
Dodge: Dodged            |    20 |    66 |     9 ||    95
Block: Buckler           |       |     1 |     1 ||     2

Table legend: (Time is in decaauts)
 A = Elapsed time spent in this place.
 B = Non-inter-level travel time spent in this place.
 C = Inter-level travel time spent in this place.
 D = Time resting spent in this place.
 E = Time spent auto-exploring this place.
 F = Levels seen in this place.
 G = Mean time per level.
                   A        B        C        D        E       F      G
               +--------+--------+--------+--------+--------+-----+--------+
         Total |   5216 |   5071 |    145 |    946 |   3114 |   7 |  745.1 |
       Dungeon |   5166 |   5029 |    137 |    946 |   3082 |   6 |  861.0 |
        Temple |     50 |     42 |      8 |      0 |     32 |   1 |   50.0 |
               +--------+--------+--------+--------+--------+-----+--------+

Top non-repeatable levels by time:
     D:4: 1631 daAuts
     D:5: 1116 daAuts
     D:3: 909 daAuts
     D:2: 690 daAuts
     D:1: 684 daAuts
     D:6: 134 daAuts
  Temple: 50 daAuts
